 Dungeon Crawl Stone Soup version 0.27.1-33-g824d729ab1 (webtiles) character file.

Game seed: 447882388062076440

1 Descartes the Skirmisher (level 1, 0/14 HPs)
             Began as a Deep Elf Wanderer on Dec 10, 2021.
             Slain by a giant cockroach (2 damage)
             ... on level 1 of the Dungeon.
             The game lasted 00:01:22 (58 turns).

Descartes the Skirmisher (Deep Elf Wanderer)          Turns: 58, Time: 00:01:23

Health: 0/14       AC:  2    Str:  7    XL:     1   Next: 16%
Magic:  5/5        EV: 11    Int: 18    God:
Gold:   0          SH:  0    Dex: 14    Spells: 2/3 levels left

rFire    . . .     SeeInvis .   a - +2 dagger
rCold    . . .     Faith    .   (no shield)
rNeg     . . .     Spirit   .   d - +0 robe
rPois    .         Reflect  .   (no helmet)
rElec    .         Harm     .   (no cloak)
rCorr    .         Rampage  .   (no gloves)
Will     .....                  (no boots)
Stlth    ++........             (no amulet)
HPRegen  0.04/turn              (no ring)
MPRegen  0.09/turn              (no ring)

@: no status effects
A: no striking features
a: no special abilities


You were on level 1 of the Dungeon.
You visited 1 branch of the dungeon, and saw 1 of its levels.

Inventory:

Hand Weapons
 a - a +2 dagger (weapon)
 c - a +0 quarterstaff
Armour
 d - a +0 robe (worn)
Scrolls
 e - a scroll of enchant weapon {unknown}
Potions
 b - a potion of haste


   Skills:
 - Level 3.2 Fighting
 + Level 0.1 Short Blades
 - Level 1.0 Staves
 - Level 1.0 Throwing
 + Level 0.0 Dodging
 + Level 1.2 Stealth
 + Level 1.5 Spellcasting
 - Level 2.4 Necromancy
 + Level 0.0 Transmutations
 + Level 0.1 Poison Magic


You had 2 spell levels left.
You knew the following spells:

 Your Spells              Type           Power      Damage    Failure   Level
a - Sting                 Tmut/Pois      4%         1d3       19%         1

Your spell library contained the following spells:

 Spells                   Type           Power      Damage    Failure   Level
 Spider Form              Tmut/Pois      0%         N/A       50%         3


Dungeon Overview and Level Annotations

Branches:
Dungeon (1/15)

Altars:


Message History

You hit the goblin.
You kill the goblin!
The hobgoblin closely misses you. The hobgoblin hits you.
The rat barely misses you.
You hit the hobgoblin.
The hobgoblin is moderately wounded.
The hobgoblin hits you but does no damage.
The hobgoblin closely misses you. The rat barely misses you.
You hit the hobgoblin.
The hobgoblin is severely wounded.
The giant cockroach closely misses you. The hobgoblin hits you. x2
* * * LOW HITPOINT WARNING * * *
The rat bites you.
* * * LOW HITPOINT WARNING * * *
The giant cockroach closely misses you.
Found an escape hatch in the floor.
The hobgoblin barely misses you.
You see here 16 stones.
The ball python bites you but does no damage.
The ball python barely misses you. The ball python misses you.
The ball python closely misses you.
The ball python bites you but does no damage.
The ball python barely misses you.
You hit the ball python.
You kill the ball python!
There is an open door here.
You hit the giant cockroach.
The giant cockroach is moderately wounded.
The giant cockroach misses you.
You hit the giant cockroach but do no damage.
The giant cockroach is moderately wounded.
The giant cockroach bites you.
* * * LOW HITPOINT WARNING * * *
You closely miss the giant cockroach.
The giant cockroach is moderately wounded.
The giant cockroach bites you but does no damage.
You hit the giant cockroach.
The giant cockroach is heavily wounded.
The giant cockroach bites you.
You die...

.................#.#
...
...................# >
................g).#
........##.....r...#
........###....#...#
........###....#.#>...#
##...##...##...#.#.....
#.#.....B†g.#.#.#....#
#.##..#@#..##.#.#.....#
# ####⌠####....# #.#..
+⌠<⌠+ .8... ##⌠## ....
#+# ....


You could see a giant cockroach and a hobgoblin.

Vanquished Creatures
  A ball python (D:1)
  A goblin (D:1)
2 creatures vanquished.

Notes
Turn   | Place    | Note
-------+----------+-------------------------------------------
     0 | D:1      | Descartes the Deep Elf Wanderer began the quest for the
                  | Orb.
     0 | D:1      | Descartes set off with the following items: a +2 dagger, a
                  | potion of haste, a +0 quarterstaff, a +0 robe; and the
                  | following spell memorised: Sting; and the following spells
                  | available to memorise: Spider Form
     0 | D:1      | Reached XP level 1. HP: 14/14 MP: 5/5
    58 | D:1      | Slain by a giant cockroach

Illustrated notes

Levels and vault maps discovered:
D:1:      grunt_arrival_crossed_arrows, layout_basic, basic_ecumenical_altar,
          chequers_serial_rivers_micro_a, minmay_worlds_worst_comb

Action                   || total
-------------------------++-------
Melee: Dagger            ||    12
Armor: Robe              ||     4
Dodge: Dodged            ||    16
